 Dungeon Crawl Stone Soup version 0.27-a0-1090-gb115f176c6 (webtiles) character file.

Game seed: 11414604182362112934

20 kae the Ruffian (level 2, 0/23 HPs)
             Began as a Draconian Transmuter on Apr 27, 2021.
             Frozen to death by an endoplasm (2 damage)
             ... on level 2 of the Dungeon.
             The game lasted 00:00:57 (1514 turns).

kae the Ruffian (Draconian Transmuter)              Turns: 1514, Time: 00:00:58

Health: 0/23       AC:  4    Str: 12    XL:     2   Next: 58%
Magic:  4/5        EV: 12    Int: 13    God:
Gold:   366        SH:  0    Dex: 11    Spells: 4/5 levels left

rFire    . . .     SeeInvis .     - Unarmed
rCold    . . .     Faith    .   (no shield)
rNeg     . . .     Spirit   .   (armour unavailable)
rPois    .         Reflect  .   (helmet currently unavailable)
rElec    .         Harm     .   (no cloak)
rCorr    .         Rampage  .   (no gloves)
Will     .....                  (boots currently unavailable)
Stlth    +.........             (no amulet)
HPRegen  0.07/turn              (no ring)
MPRegen  0.09/turn              (no ring)

@: lethally poisoned (0 -> -10), appendages (expiring)
A: horns 2, talons 2, AC +4, unfitting armour, cold-blooded
a: End Transformation


You were on level 2 of the Dungeon.
You had temporarily grown beastly horns and talons.
You visited 1 branch of the dungeon, and saw 2 of its levels.

You collected 679 gold pieces.
You spent 313 gold pieces at shops.

Inventory:

Scrolls
 e - 4 scrolls of identify
 f - 4 scrolls of blinking
Potions
 a - a potion of lignification {unknown}
 c - a potion of invisibility {unknown}
 d - a potion of heal wounds {unknown}


   Skills:
 + Level 1.3 Fighting
 + Level 1.9 Dodging
 * Level 3.4 Unarmed Combat
 + Level 2.1 Spellcasting
 * Level 2.3 Transmutations


You had 4 spell levels left.
You knew the following spells:

 Your Spells              Type           Power      Damage    Failure   Level
a - Beastly Appendage     Tmut           14%        N/A       10%         1

Your spell library contained the following spells:

 Spells                   Type           Power      Damage    Failure   Level
 Wereblood                Tmut           7%         N/A       14%         2
 Spider Form              Tmut/Pois      2%         N/A       43%         3
 Ice Form                 Ice/Tmut       4%         N/A       83%         4
 Hydra Form               Tmut           3%         N/A       95%         5


Dungeon Overview and Level Annotations

Branches:
Dungeon (2/15)

Altars:

Shops:
D:1 ?


Innate Abilities, Weirdness & Mutations

You have temporarily grown beastly horns and talons.
Your plain brown scales are hard. (AC +4)
You cannot fit into any form of body armour.
You are cold-blooded and may be slowed by cold attacks.


Message History

The giant cockroach barely misses you.
There is a stone staircase leading up, spattered with blood here.
You completely miss the giant cockroach.
You claw the giant cockroach.
The giant cockroach is severely wounded.
You feel sick.
The goblin hits you with a +1 dagger of venom.
You are lethally poisoned!
The giant cockroach closely misses you.
You closely miss the giant cockroach. Your kick misses the giant cockroach.
You headbutt the giant cockroach.
You kill the giant cockroach!
You feel very sick. The goblin closely misses you.
You are too injured to fight recklessly!
You are too injured to fight recklessly!
You are too injured to fight recklessly!
You are too injured to fight recklessly!
You hit the goblin. Your kick misses the goblin.
The goblin is moderately wounded.
You feel very sick. The goblin misses you.
You hit the goblin. You claw the goblin, but do no damage.
You tail-slap the goblin, but do no damage.
The goblin is heavily wounded.
You feel very sick. The goblin hits you but does no damage.
You are more poisoned.
You closely miss the goblin. Your kick misses the goblin.
The goblin is heavily wounded.
* * * LOW HITPOINT WARNING * * *
You feel very sick. The goblin closely misses you.
You closely miss the goblin. Your headbutt misses the goblin.
The goblin is heavily wounded.
* * * LOW HITPOINT WARNING * * *
You feel sick. The endoplasm freezes you.
You are frozen.
You die...

#.# ..# #.##..#
. #.....#..
#######..##..#
#...........# .
#........#.##
...#.##....#..#
..........###.#
......J@.## #.#
......g.## #.#
...#.###. #..
.. #. .. .. #
##. #. .# #


You could see an endoplasm and a goblin.

Vanquished Creatures
  A worm (D:1)
  An endoplasm (D:1)
  A giant cockroach (D:2)
  2 goblins (D:1)
  A hobgoblin (D:1)
  3 jackals (D:1)
  A quokka (D:1)
  A ball python (D:1)
  A bat (D:1)
  2 frilled lizards (D:1)
  A kobold (D:1)
  A rat (D:1)
16 creatures vanquished.

Notes
Turn   | Place    | Note
-------+----------+-------------------------------------------
     0 | D:1      | kae the Draconian Transmuter began the quest for the Orb.
     0 | D:1      | Reached XP level 1. HP: 16/16 MP: 3/3
    75 | D:1      | Found Woshref's Magic Scroll Emporium.
   480 | D:1      | Reached XP level 2. HP: 17/23 MP: 3/5
   861 | D:1      | Identified a scroll of acquirement
   861 | D:1      | Acquired 649 gold pieces
   946 | D:1      | Bought a scroll of identify for 22 gold pieces
   946 | D:1      | Bought a scroll of identify for 22 gold pieces
   946 | D:1      | Bought a scroll of identify for 22 gold pieces
   946 | D:1      | Bought 3 scrolls of blinking for 247 gold pieces
  1514 | D:2      | Frozen to death by an endoplasm

Illustrated notes

Levels and vault maps discovered:
D:1:      roderic_crossed_star, layout_basic, serial_shops,
          nicolae_shop_waterfront, solitary_fountain
D:2:      layout_loops_cross, basic_altar,
          shapermc_ecumenical_altar_totnotflames, uniq_crazy_yiuf_cottage,
          uniq_terence, uniq_natasha

Action                   || total
-------------------------++-------
Melee: Unarmed           ||    51
       Kick              ||    11
       Headbutt          ||     5
       Tailslap          ||     1
 Cast: Beastly Appendage ||    10
  Use: Scroll            ||     1
 Stab: Sleeping          ||     1
Armor: Skin              ||     6
Dodge: Dodged            ||    32

Table legend: (Time is in decaauts)
 A = Elapsed time spent in this place.
 B = Non-inter-level travel time spent in this place.
 C = Inter-level travel time spent in this place.
 D = Time resting spent in this place.
 E = Time spent auto-exploring this place.
 F = Levels seen in this place.
 G = Mean time per level.
                   A        B        C        D        E       F      G
               +--------+--------+--------+--------+--------+-----+--------+
         Total |   1514 |   1431 |     83 |    249 |   1048 |   2 |  757.0 |
       Dungeon |   1514 |   1431 |     83 |    249 |   1048 |   2 |  757.0 |
               +--------+--------+--------+--------+--------+-----+--------+

Top non-repeatable levels by time:
     D:1: 1483 daAuts
     D:2: 31 daAuts
